 Dungeon Crawl Stone Soup version 0.30-a0-808-g6e0788376e (webtiles) character file.

Game seed: 13135039090616621177

93 themarg the Caller (level 4, -6/30 HPs)
             Began as a Merfolk Summoner on Feb 26, 2023.
             Killed by nerve-wracking pain
             ... invoked by Menkaure
              (8 damage)
             ... on level 5 of the Dungeon.
             The game lasted 00:06:36 (2134 turns).

themarg the Caller (Merfolk Summoner)               Turns: 2134, Time: 00:06:37

Health: -6/30      AC:  5    Str:  8    XL:     4   Next: 62%
Magic:  1/7        EV: 12    Int: 16    God:
Gold:   35         SH:  0    Dex: 14    Spells: 1/7 levels left

rFire   . . .      SeeInvis .    s - +0 spear
rCold   . . .      Faith    .    (no shield)
rNeg    . . .      Spirit   .    a - +0 robe
rPois   .          Reflect  .    (no helmet)
rElec   .          Harm     .    u - +0 cloak
rCorr   .          Rampage  .    n - +1 pair of gloves
Will    .....                    (no boots)
Stlth   ++                       (no amulet)
HPRegen 0.25/turn                (no ring)
MPRegen 0.10/turn                (no ring)

@: no status effects
A: (nimble swimmer 2), mertail
a: no special abilities


You were on level 5 of the Dungeon.
You visited 1 branch of the dungeon, and saw 5 of its levels.

You collected 35 gold pieces.

Inventory:

Hand Weapons
 i - a +0 dagger
 o - a +3 whip
 s - a +0 spear (weapon)
Missiles
 e - 32 stones
 f - 4 boomerangs
Armour
 a - a +0 robe (worn)
 n - a +1 pair of gloves (worn)
 u - a +0 cloak (worn)
Scrolls
 c - 6 scrolls of identify {unknown}
 d - 2 scrolls of amnesia {unknown}
 g - a scroll of blinking {unknown}
 h - a scroll of enchant weapon {unknown}
 j - a scroll of torment {unknown}
 l - a scroll of noise {unknown}
Potions
 b - 2 potions of magic
 k - a potion of invisibility {unknown}
 m - a potion of cancellation {unknown}
 p - a potion of heal wounds {unknown}
 q - a potion of flight {unknown}
 r - a potion of resistance {unknown}
 t - a potion of berserk rage {unknown}


   Skills:
 - Level 2.6 Dodging
 - Level 3.0 Stealth
 - Level 2.0 Spellcasting
 + Level 5.6 Summonings


You had one spell level left.
You knew the following spells:

 Your Spells              Type           Power      Damage    Failure   Level
a - Summon Small Mammal   Summ           76%        N/A       1%          1
b - Call Imp              Summ           19%        N/A       3%          2
c - Call Canine Familiar  Summ           19%        N/A       6%          3

Your spell library contained the following spells:

 Spells                   Type           Power      Damage    Failure   Level
 Beastly Appendage        Tmut           2%         N/A       21%         1
 Summon Guardian Golem    Hex/Summ       10%        N/A       21%         3
 Wereblood                Tmut           1%         N/A       30%         2
 Ozocubu's Armour         Ice            1%         N/A       52%         3
 Spider Form              Tmut/Pois      1%         N/A       52%         3
 Summon Lightning Spire   Summ/Air       10%        N/A       54%         4
 Metabolic Englaciation   Hex/Ice        0%         N/A       99%         5
 Simulacrum               Ice/Necr       0%         N/A       100%        6


Dungeon Overview and Level Annotations

Branches:
Dungeon (6/15)
 Temple: D:4-7

Altars:

Annotations:
D:5 Menkaure


Innate Abilities, Weirdness & Mutations

((You are very nimble when in or above water. (Stealth+, EV+, Speed+++)))
Your lower body shifts to a powerful aquatic tail in water.


Message History

Press: ? - help, Dir - move target, f/p - Menkaure
Aim: Menkaure (heavily damaged, fast, not watching you, ally target, about 25% to evade your +0 spear)
You reach to attack!
You hit Menkaure but do no damage.
Menkaure is heavily damaged.
Your bat barely misses Menkaure.
Your bat hits Menkaure but does no damage.
A beastly little devil appears in a puff of flame.
Menkaure closely misses you.
You barely miss Menkaure.
Menkaure is heavily damaged.
Your bat closely misses Menkaure.
Menkaure rustles a few words.
Menkaure calls on the powers of darkness!
Your body is wracked with pain!
Menkaure casts a spell at you. Pain shoots through your body!
* * * LOW HITPOINT WARNING * * *
Your crimson imp hits Menkaure.
You hit Menkaure.
Menkaure is heavily damaged.
Your bat hits Menkaure.
Menkaure calls on the powers of darkness!
You feel a surge of unholy energy.
Your crimson imp hits Menkaure but does no damage.
You hit Menkaure.
Menkaure is severely damaged.
Your bat barely misses Menkaure.
Your bat hits Menkaure but does no damage.
Menkaure murmurs, "Let me perform the rites..."
Menkaure hits your bat!!
Your bat dies!
Your bat's corpse disappears in a puff of smoke!
Your crimson imp hits Menkaure.
You strike the helpless Menkaure from behind!
You hit Menkaure but do no damage.
Menkaure is severely damaged.
Menkaure barely misses you.
Your crimson imp hits Menkaure.
Menkaure gestures at you while chanting.
Pain shoots through your body!
You die...

## ##.# #...#
#....##### ##.
###.....#.##....
#..........#....
...#.5§.........
......M@........
......#.........
....###........#
............#...
..............##
...#.....>...##
....†..........
.###.......##..
#............


You could see Menkaure (fast, ally target) and a friendly crimson imp
(summoned).

Vanquished Creatures
  4 giant cockroaches (D:3)
  A goblin (D:2)
  2 hobgoblins
  A bat (D:2)
  A kobold (D:2)
9 creatures vanquished.

Vanquished Creatures (collateral kills)
  4 adders
  A worm (D:2)
  3 dart slugs
  5 ball pythons
  4 endoplasms
  7 giant cockroaches
  A goblin (D:2)
  4 hobgoblins
  2 quokkas
  2 bats
  2 frilled lizards
  A kobold (D:2)
  A rat (D:2)
37 creatures vanquished.

Vanquished Creatures (others)
  8 plants
  9 withered plants (D:2)
17 creatures vanquished.

Grand Total: 63 creatures vanquished

Notes
Turn   | Place    | Note
-------+----------+-------------------------------------------
     0 | D:1      | themarg the Merfolk Summoner began the quest for the Orb.
     0 | D:1      | Reached XP level 1. HP: 13/13 MP: 3/3
   352 | D:1      | Reached XP level 2. HP: 19/19 MP: 1/5
   395 | D:1      | Learned a level 2 spell: Call Imp
   884 | D:2      | Reached XP level 3. HP: 24/24 MP: 4/6
   888 | D:2      | Learned a level 3 spell: Call Canine Familiar
  1052 | D:2      | Reached skill level 5 in Summonings
  1608 | D:2      | Reached XP level 4. HP: 30/30 MP: 5/7
  1666 | D:2      | Found a faded altar of an unknown god.
  2084 | D:3      | You fall into a shaft and drop 3 floors!
  2093 | D:5      | Entered Level 5 of the Dungeon
  2120 | D:5      | Noticed Menkaure
  2134 | D:5      | Killed from afar by Menkaure

Illustrated notes

Levels and vault maps discovered:
D:1:      psy_arrival_dodecagon, layout_loops_ring, minmay_misc_feat_tiny,
          minmay_misc_feat_rugged
D:2:      layout_loops_cross, shapermc_ecumenical_altar_flowoftime
D:3:      minmay_roachtagon, layout_loops_cross, serial_forest,
          infiniplex_forest_diagonal, infiniplex_forest_clump_C,
          infiniplex_forest_end_2, infiniplex_forest_lined_corner,
          infiniplex_forest_clump_double, grunt_ministairs_11, minivault_27
D:5:      layout_cave_pools, lightli_sewer_entry_pipes,
          minmay_a_box_with_orc_wizards_in_it, uniq_blork_the_orc, uniq_duvessa,
          uniq_menkaure, uniq_sigmund
D:6:      layout_loops_cross, minmay_temple_entry_proselytizer,
          hangedman_abyss_or_decor_passed, kennysheep_small_spiral,
          roderic_batcave, minmay_crystal_water, minmay_fractal_squares_5

Skill      XL: |  1  2  3 |
---------------+----------+-----
Stealth        | 3 |  3.0
Summonings     | 5 |  5.6
Dodging        | |  2.6
Spellcasting   | |  2.0

Action                     |  1- 3 |  4- 6 || total
---------------------------+-------+-------++-------
  Melee: Unarmed           |     6 |       ||     6
         Dagger            |    20 |    28 ||    48
         Punch             |     1 |       ||     1
         Spear             |       |    11 ||    11
         Whip              |       |     9 ||     9
   Cast: Summon Small Mamm |    46 |    16 ||    62
         Call Imp          |       |     5 ||     5
         Call Canine Famil |       |     1 ||     1
   Stab: Distracted        |       |     2 ||     2
 Armour: Robe              |     4 |     3 ||     7
  Dodge: Dodged            |    14 |    15 ||    29

Table legend: (Time is in decaauts)
 A = Elapsed time spent in this place.
 B = Non-inter-level travel time spent in this place.
 C = Inter-level travel time spent in this place.
 D = Time resting spent in this place.
 E = Time spent auto-exploring this place.
 F = Levels seen in this place.
 G = Mean time per level.
                   A        B        C        D        E       F      G
               +--------+--------+--------+--------+--------+-----+--------+
         Total |   2133 |   2062 |     71 |      0 |   1544 |   5 |  426.6 |
       Dungeon |   2133 |   2062 |     71 |      0 |   1544 |   5 |  426.6 |
               +--------+--------+--------+--------+--------+-----+--------+

Top non-repeatable levels by time:
     D:2: 986 daAuts
     D:1: 790 daAuts
     D:3: 305 daAuts
     D:5: 41 daAuts
     D:6: 8 daAuts
